 Dungeon Crawl Stone Soup version 0.23.1-42-g8abd8fc (webtiles) character file.

Game seed: 9360536497622574766

64283 Kairos the Severer (level 14, -2/145 HPs)
             Began as a Minotaur Fighter on Mar 29, 2019.
             Was the Champion of Okawaru.
             Killed from afar by Nikola (22 damage)
             ... with a chain lightning
             ... on level 1 of the Snake Pit on Mar 30, 2019.
             The game lasted 00:32:57 (18386 turns).

Kairos the Severer (Minotaur Fighter)              Turns: 18386, Time: 00:32:59

Health: -2/145     AC: 19    Str: 30    XL:     14   Next: 71%
Magic:  0/15       EV: 19    Int:  5    God:    Okawaru [******]
Gold:   1370       SH: 25    Dex: 10    Spells: 13/13 levels left

rFire    + + .     SeeInvis +   a - +6 demon trident "Akaupo" {pierce, rF++ rC+ Str-2}
rCold    + . .     Gourm    .   Y - +2 large shield {rPois}
rNeg     . . .     Faith    .   A - +0 chain mail
rPois    +         Spirit   +   X - +2 hat {SInv}
rElec    .         Reflect  .   l - scarf {Spirit}
rCorr    .         Harm     .   T - +0 pair of gloves {Str+3}
MR       +....                  C - +0 pair of boots
Stlth    ..........             t - amulet of magic regeneration
HPRegen  0.34/turn              i - +4 ring of evasion
MPRegen  0.39/turn              E - +3 ring of strength

@: heroism
A: retaliatory headbutt, horns 2, repulsion field 1, see invisible, clumsy 1,
robust 1, strong 1
a: Heroism, Finesse, Renounce Religion


You were on level 1 of the Snake Pit.
You worshipped Okawaru.
Okawaru was exalted by your worship.
You were full.

You visited 4 branches of the dungeon, and saw 21 of its levels.
You also visited: Ice Cave.

You collected 1370 gold pieces.

Inventory:

Hand Weapons
 a - the +6 demon trident "Akaupo" (weapon) {pierce, rF++ rC+ Str-2}
   (You took it off a spriggan on level 2 of the Lair of Beasts)

   It inflicts extra damage upon your enemies.
   It affects your strength (-2).
   It greatly protects you from fire.
   It protects you from cold.
 n - a +2 hand axe of flaming
 H - a +3 war axe
Missiles
 y - 29 tomahawks (quivered)
 V - 3 silver tomahawks
Armour
 k - a +0 cloak of poison resistance
 l - a scarf of spirit shield (worn)
 A - a +0 chain mail (worn)
 C - a +0 pair of boots (worn)
 T - a +0 pair of gloves of strength (worn)
 X - a +2 hat of see invisible (worn)
 Y - a +2 large shield of poison resistance (worn)
Jewellery
 i - a +4 ring of evasion (left hand)
 q - an uncursed ring of wizardry
 t - an amulet of magic regeneration (around neck)
 w - an uncursed ring of flight
 E - a +3 ring of strength (right hand)
Wands
 m - a wand of scattershot (3)
 u - a wand of clouds (11)
 I - a wand of enslavement (4)
Scrolls
 o - 2 scrolls of enchant armour {unknown}
 p - 9 scrolls of teleportation
 s - a scroll of fear {unknown}
 F - a scroll of magic mapping
 G - a scroll of acquirement {unknown}
 K - 3 scrolls of enchant weapon {unknown}
 L - a scroll of identify
 M - 3 scrolls of noise {unknown}
 N - 2 scrolls of fog
 R - 4 scrolls of remove curse
 U - a scroll of brand weapon {unknown}
 Z - 2 scrolls of blinking {unknown}
Potions
 b - 4 potions of haste
 d - 3 potions of might
 e - 5 potions of lignification
 g - 2 potions of mutation
 h - 8 potions of heal wounds
 j - 4 potions of curing
 r - 4 potions of berserk rage
 v - a potion of experience
 x - 2 potions of cancellation
 z - 3 potions of brilliance
 B - a potion of agility {unknown}
 D - 2 potions of flight {unknown}
 O - a potion of ambrosia {unknown}
 P - 2 potions of magic {unknown}
 S - 2 potions of degeneration {unknown}
 W - a potion of resistance {unknown}
Miscellaneous
 J - a phantom mirror
 Q - a lightning rod (4/4)
Comestibles
 f - 26 rations


   Skills:
 + Level 14.0(19.0) Fighting
 + Level 16.4(22.1) Axes
 - Level 9.4(19.0) Polearms
 + Level 1.5(6.5) Throwing
 + Level 12.1(17.1) Armour
 + Level 5.7(10.7) Dodging
 + Level 2.0(7.0) Stealth
 + Level 14.2(19.2) Shields
 + Level 0.1(5.1) Unarmed Combat
 + Level 3.3 Invocations
 + Level 1.4 Evocations


You had 13 spell levels left.
You didn't know any spells.
Your spell library contained the following spells:

 Spells                   Type           Power        Failure   Level  Hunger
 Animate Skeleton         Necr           N/A          97%         1    ##.....
 Corona                   Hex            #......      97%         1    ##.....
 Freeze                   Ice            #...         97%         1    ##.....
 Infusion                 Chrm           #...         97%         1    ##.....
 Pain                     Necr           #...         97%         1    ##.....
 Summon Butterflies       Summ           #.......     97%         1    ##.....
 Ensorcelled Hibernation  Hex/Ice        #.....       99%         2    ###....
 Shroud of Golubria       Chrm/Tloc      #.........   99%         2    ###....
 Slow                     Hex            #.......     99%         2    ###....
 Song of Slaying          Chrm           #.......     99%         2    ###....
 Throw Frost              Conj/Ice       #.....       99%         2    ###....
 Call Canine Familiar     Summ           #.......     100%        3    ####...
 Confuse                  Hex            #.......     100%        3    ####...
 Dazzling Spray           Conj/Hex       #.....       100%        3    ####...
 Inner Flame              Hex/Fire       #.......     100%        3    ####...
 Ozocubu's Armour         Chrm/Ice       #.......     100%        3    ####...
 Portal Projectile        Hex/Tloc       #.....       100%        3    ####...
 Regeneration             Chrm/Necr      #.........   100%        3    ####...
 Spectral Weapon          Hex/Chrm       #.......     100%        3    ####...
 Tukima's Dance           Hex            #.......     100%        3    ####...
 Vampiric Draining        Necr           #.........   100%        3    ####...
 Animate Dead             Necr           N/A          100%        4    #####..
 Cause Fear               Hex            #.........   100%        4    #####..
 Leda's Liquefaction      Hex/Erth       #.........   100%        4    #####..
 Summon Ice Beast         Ice/Summ       #.......     100%        4    #####..
 Throw Icicle             Conj/Ice       #.......     100%        4    #####..
 Silence                  Hex/Air        #.........   100%        5    ######.
 Summon Mana Viper        Hex/Summ       #.......     100%        5    ######.
 Yara's Violent Unravell  Hex/Tmut       #.........   100%        5    ######.
 Deflect Missiles         Chrm/Air       #.........   100%        6    #######
 Summon Hydra             Summ           #.........   100%        7    #######
 Discord                  Hex            #.........   100%        8    #######


Dungeon Overview and Level Annotations

Branches:
Dungeon (13/15)            Temple (1/1) D:6            Lair (6/6) D:11
 Shoals (0/4) Lair:2        Snake (1/4) Lair:3        Slime (0/5) Lair:6
    Orc (0/2) D:9
 Vaults: D:13-14

Altars:
Ashenzari
Cheibriados
Fedhas
Gozag
Hepliaklqana
Kikubaaqudgha
Makhleb
Okawaru
Ru
Trog
Uskayaw
Vehumet
Wu Jian
Xom
Yredelemnul
Zin
The Shining One

Shops:
D:10 }

Annotations:
D:13 Nessos
Lair:1 exclusion: oklob plant
Snake:1 Nikola


Innate Abilities, Weirdness & Mutations

You reflexively headbutt those who attack you in melee.
You have a pair of horns on your head.
You are surrounded by a mild repulsion field. (EV +2)
You have supernaturally acute eyesight. (SInv)
You are clumsy. (Dex -2)
You are robust. (+10% HP)
Your muscles are strong. (Str +2)


Message History

Nikola mumbles some strange words.
You hear a mighty clap of thunder!
The lightning arc hits you!!
The lightning arc hits Nikola.
The lightning arc hits you!!
The lightning arc hits Nikola!
The lightning arc hits you!!
You are too injured to fight recklessly!
You are too injured to fight recklessly!
You gain the combat prowess of a mighty hero.
Nikola hits you with a +3 rapier of electrocution.
You are electrocuted!
You impale Nikola!! You headbutt Nikola, but do no damage.
Nikola is severely wounded.
You impale Nikola!! Your headbutt misses Nikola.
Nikola is almost dead.
Nikola gestures wildly while chanting.
You hear a mighty clap of thunder!
The lightning arc hits you!!!
* * * LOW HITPOINT WARNING * * *
The lightning arc hits Nikola!
The lightning arc hits you!!
You die...

########....... ...
#.#####. #.^ ##'##
#. #.. ##...# #. #..
##....####. #..
##.....+.... #..
##.....##....
#..#####.....###.##.
#.@@...'....## #.##.
#.>#####...## #.##.
..... #.....# #.##.
..###..
+......##.##. ##.
#.......+..†. #+
#.......#.##.
#....)..#.##.
........#'##.
........)..#.


You could see Nikola.

Vanquished Creatures
  Kirke (Lair:5)
  Gastronok (Lair:2)
  Aizul (Snake:1)
  The ghost of night the Black Belt, a journeyman DsMo of Cheibriados (Lair:6)
  The ghost of Weugil the Slicer, a journeyman HaBe of Trog (Lair:2)
  2 naga warriors (Snake:1)
  Harold (D:7)
  2 hydras (Lair:6)
  3 catoblepae (Lair:6)
  A two-headed ogre (D:11)
  2 anacondas (Snake:1)
  2 naga sharpshooters (Snake:1)
  6 death yaks (Lair:6)
  Sonja (Lair:3)
  A spriggan berserker (Lair:2)
  The ghost of grocchini the Spear-Bearer, a novice MfGl of Gozag (D:7)
  A wolf spider zombie (D:12)
  A mana viper (Snake:1)
  5 ugly things
  2 manticores (Lair:6)
  An oklob plant (D:11)
  A moth of wrath (Lair:2)
  A cyclops (D:11)
  8 elephants
  A guardian serpent (Snake:1)
  A centaur zombie (D:10)
  A naga mage (Snake:1)
  2 ice statues (IceCv)
  9 black mambas
  12 spiny frogs
  2 gargoyles (D:11)
  2 centaur skeletons (D:11)
  2 ice devils (Lair:5)
  A rime drake (Lair:4)
  6 komodo dragons
  5 trolls
  2 polar bears
  A slime creature (D:6)
  9 hippogriffs
  4 hornets
  A meliai zombie (D:12)
  7 blink frogs (Lair:6)
  A snapping turtle (Lair:2)
  Sigmund (D:4)
  2 shadows
  29 yaks
  8 spriggans
  A wyvern (Lair:5)
  3 hogs (Lair:5)
  3 basilisks
  A human (shapeshifter) (D:13)
  4 hungry ghosts
  3 vampire mosquitoes (D:11)
  Menkaure (D:7)
  2 steam dragons (D:7)
  5 nagas
  A warg (D:9)
  A soldier ant (D:11)
  8 water moccasins
  11 porcupines
  7 ice beasts
  4 sky beasts
  A black bear (D:7)
  2 orc warriors (D:11)
  2 necrophages
  A boggart (Lair:6)
  7 centaurs
  9 ogres
  8 wolves
  2 big kobolds
  20 crocodiles
  Blork the orc (D:6)
  18 bullfrogs
  5 scorpions
  A water moccasin skeleton (D:8)
  3 killer bees (D:12)
  5 wights (D:7)
  5 howler monkeys
  2 electric eels
  3 lava snakes (D:9)
  4 crimson imps
  10 jellies
  A gnoll shaman (D:7)
  3 orc priests
  11 hounds
  12 orc wizards
  Jessica (D:2)
  Ijyb (D:4)
  4 iguanas
  9 worker ants
  A hound zombie (D:5)
  3 hound skeletons
  Robin (D:2)
  7 gnolls
  17 adders
  7 shadow imps
  13 oozes
  An adder skeleton (D:7)
  5 worms
  7 leopard geckos
  38 orcs
  3 ball pythons
  3 giant cockroaches
  10 hobgoblins
  8 jackals
  3 quokkas
  11 bats
  17 frilled lizards
  A giant cockroach zombie (D:5)
  17 goblins
  14 kobolds
  A leopard gecko skeleton (D:6)
  3 rats
  3 fungi
  2 plants
558 creatures vanquished.

Vanquished Creatures (others)
  6 fungi
  5 plants (Lair:6)
11 creatures vanquished.

Grand Total: 569 creatures vanquished

Notes
Turn   | Place    | Note
-------+----------+-------------------------------------------
     0 | D:1      | Kairos the Minotaur Fighter began the quest for the Orb.
     0 | D:1      | Reached XP level 1. HP: 19/19 MP: 0/0
   230 | D:1      | Reached XP level 2. HP: 27/27 MP: 1/1
   662 | D:2      | Noticed Jessica
   667 | D:2      | Killed Jessica
   667 | D:2      | Reached skill level 3 in Axes
   667 | D:2      | Reached XP level 3. HP: 30/33 MP: 2/2
   680 | D:2      | Noticed Robin
   948 | D:2      | Killed Robin
   948 | D:2      | Reached XP level 4. HP: 26/40 MP: 3/3
   970 | D:2      | Noticed a sky beast
   978 | D:2      | Killed a sky beast
   978 | D:2      | Reached skill level 4 in Axes
   978 | D:2      | Reached XP level 5. HP: 18/47 MP: 4/4
  1749 | D:2      | Reached skill level 5 in Axes
  2084 | D:2      | Gained mutation: You have sharp fingernails. [potion of
                  | mutation]
  2084 | D:2      | Gained mutation: You are clumsy. (Dex -2) [potion of
                  | mutation]
  2084 | D:2      | Gained mutation: You have supernaturally acute eyesight.
                  | (SInv) [potion of mutation]
  2084 | D:2      | Gained mutation: You are surrounded by a mild repulsion
                  | field. (EV +2) [potion of mutation]
  2085 | D:2      | Lost mutation: You are clumsy. (Dex -2) [potion of
                  | mutation]
  2085 | D:2      | Lost mutation: You have sharp fingernails. [potion of
                  | mutation]
  2085 | D:2      | Gained mutation: You are clumsy. (Dex -2) [potion of
                  | mutation]
  2085 | D:2      | Gained mutation: You are robust. (+10% HP) [potion of
                  | mutation]
  2085 | D:2      | Gained mutation: Your muscles are strong. (Str +2) [potion
                  | of mutation]
  2095 | D:3      | Reached skill level 5 in Fighting
  2098 | D:3      | Reached XP level 6. HP: 60/61 MP: 5/5
  2334 | D:3      | Reached skill level 1 in Dodging
  3210 | D:4      | Reached skill level 6 in Axes
  3210 | D:4      | Reached skill level 5 in Shields
  3666 | D:4      | Noticed Ijyb
  3672 | D:4      | Killed Ijyb
  3673 | D:4      | Reached XP level 7. HP: 64/67 MP: 6/6
  3821 | D:4      | Noticed Sigmund
  3825 | D:4      | Killed Sigmund
  3825 | D:4      | Reached skill level 5 in Armour
  3864 | D:4      | Reached skill level 7 in Axes
  3901 | D:4      | Found a glowing silver altar of Zin.
  3908 | D:4      | Found a blossoming altar of Fedhas.
  3910 | D:4      | Found a snail-covered altar of Cheibriados.
  3910 | D:4      | Found an opulent altar of Gozag.
  3912 | D:4      | Found a basalt altar of Yredelemnul.
  3913 | D:4      | Found a glowing golden altar of the Shining One.
  3952 | D:5      | Entered Level 5 of the Dungeon
  4175 | D:5      | Reached skill level 8 in Axes
  4175 | D:5      | Reached XP level 8. HP: 70/77 MP: 7/7
  5276 | D:6      | Found a staircase to the Ecumenical Temple.
  5294 | D:6      | Reached skill level 9 in Axes
  5310 | Temple   | Entered the Ecumenical Temple
  5329 | Temple   | Became a worshipper of Warmaster Okawaru
  5524 | D:6      | Noticed Blork the orc
  5528 | D:6      | Killed Blork the orc
  5628 | D:6      | Noticed a slime creature
  5646 | D:6      | Killed a slime creature
  5646 | D:6      | Reached XP level 9. HP: 72/85 MP: 8/8
  6098 | D:7      | Reached skill level 10 in Axes
  6102 | D:7      | Reached * piety under Okawaru
  6124 | D:7      | Found a runed translucent door.
  6125 | D:7      | Noticed grocchini's ghost (novice MfGl)
  6216 | D:7      | Noticed Harold
  6230 | D:7      | Killed Harold
  6230 | D:7      | Reached skill level 11 in Axes
  6235 | D:7      | Reached ** piety under Okawaru
  6293 | D:7      | Noticed a troll
  6299 | D:7      | Killed a troll
  6299 | D:7      | Reached skill level 12 in Axes
  6299 | D:7      | Reached XP level 10. HP: 78/96 MP: 9/9
  6681 | D:7      | Reached *** piety under Okawaru
  6741 | D:7      | Noticed Menkaure
  6749 | D:7      | Killed Menkaure
  7023 | D:8      | Received a gift from Okawaru
  7157 | D:8      | Found a burning altar of Makhleb.
  7525 | D:7      | Killed grocchini's ghost
  7525 | D:7      | Reached skill level 13 in Axes
  7525 | D:7      | Reached skill level 1 in Stealth
  7925 | D:9      | Reached **** piety under Okawaru
  7934 | D:9      | Found a staircase to the Orcish Mines.
  8207 | D:9      | Found a hazy altar of Hepliaklqana.
  8222 | D:10     | Entered Level 10 of the Dungeon
  8339 | D:10     | Found a sacrificial altar of Ru.
  8359 | D:10     | Found Erey's Gadget Boutique.
  8407 | D:10     | Reached XP level 11. HP: 106/106 MP: 10/10
  8649 | D:10     | Reached skill level 14 in Axes
  8881 | D:11     | Reached ***** piety under Okawaru
  8888 | D:11     | Noticed a purple ugly thing
  8899 | D:11     | Killed a purple ugly thing
  8899 | D:11     | Reached skill level 10 in Shields
  9158 | D:11     | Found a staircase to the Lair.
  9158 | D:11     | Noticed an oklob plant
  9177 | D:11     | Noticed a two-headed ogre
  9185 | D:11     | Killed a two-headed ogre
  9185 | D:11     | Reached skill level 10 in Fighting
  9240 | D:11     | Noticed a brown ugly thing
  9251 | D:11     | Killed a brown ugly thing
  9351 | D:11     | Noticed a brown ugly thing
  9352 | D:11     | Reached skill level 15 in Axes
  9363 | D:11     | Killed a brown ugly thing
 10028 | D:11     | Killed an oklob plant
 10118 | D:12     | Reached skill level 1 in Throwing
 10172 | D:12     | Reached skill level 1 in Evocations
 10209 | D:12     | Found a sacrificial altar of Ru.
 10227 | D:12     | Reached XP level 12. HP: 96/117 MP: 11/11
 10337 | D:12     | Received a gift from Okawaru
 10678 | D:13     | Noticed Nessos
 10776 | Lair:1   | Entered Level 1 of the Lair of Beasts
 11300 | Lair:1   | Upgraded the game from 0.23.1-41-g7e51ed3 to
                  | 0.23.1-42-g8abd8fc
 12158 | Lair:2   | Noticed Gastronok
 12180 | Lair:2   | Killed Gastronok
 12180 | Lair:2   | Reached ****** piety under Okawaru
 12269 | Lair:2   | Received a gift from Okawaru
 12291 | Lair:2   | Found a transporter.
 12291 | Lair:2   | Identified the +6 demon trident "Akaupo" {pierce, rF++ rC+
                  | Str-2}
 12293 | Lair:2   | Noticed Weugil's ghost (journeyman HaBe)
 12299 | Lair:2   | Found a transporter.
 12399 | Lair:2   | Reached skill level 16 in Axes
 12485 | Lair:2   | Found a bloodstained altar of Trog.
 12493 | Lair:2   | Identified the cursed +1 morningstar of the Hummingbird
                  | {venom, *Noise Fragile Str+9}
 12654 | Lair:2   | Reached skill level 10 in Armour
 12721 | Lair:2   | Found a staircase to the Shoals.
 12842 | Lair:2   | Reached skill level 5 in Dodging
 12860 | Lair:2   | Killed Weugil's ghost
 13284 | Lair:3   | Reached skill level 1 in Invocations
 13295 | Lair:3   | Received a gift from Okawaru
 13296 | Lair:3   | Found the +2 ratskin cloak {+Rats rPois rN+ Str-1 Int-1
                  | Dex+1}
 13306 | Lair:3   | Reached XP level 13. HP: 81/128 MP: 11/13
 13353 | Lair:3   | Found a staircase to the Snake Pit.
 13610 | Lair:3   | Noticed Sonja
 13615 | Lair:3   | Killed Sonja
 14307 | Lair:4   | Reached skill level 1 in Polearms
 15144 | Lair:5   | Reached skill level 5 in Polearms
 15184 | Lair:5   | Found a frozen archway.
 15381 | IceCv    | Entered an ice cave
 15413 | IceCv    | Found a transporter.
 15455 | IceCv    | Found a transporter.
 15710 | IceCv    | Got a smoking scythe
 15896 | Lair:5   | Noticed Kirke
 15913 | Lair:5   | Noticed a sphinx
 16115 | Lair:5   | Killed Kirke
 16277 | Lair:6   | Entered Level 6 of the Lair of Beasts
 16295 | Lair:6   | Found a runed translucent door.
 16300 | Lair:6   | Noticed night's ghost (journeyman DsMo)
 16301 | Lair:6   | Identified the +4 spear of Sioxomm {pain, +Rage}
 16410 | Lair:6   | Received a gift from Okawaru
 16469 | Lair:6   | Found a staircase to the Slime Pits.
 16822 | Lair:6   | Reached XP level 14. HP: 75/139 MP: 11/14
 17500 | Lair:6   | Killed night's ghost
 17510 | Lair:6   | Received a gift from Okawaru
 17829 | Snake:1  | Entered Level 1 of the Snake Pit
 18086 | Snake:1  | Noticed Aizul
 18099 | Snake:1  | Killed Aizul
 18373 | Snake:1  | Noticed Nikola
 18386 | Snake:1  | Killed from afar by Nikola

Skill      XL: |  1  2  3  4  5  6  7  8  9 10 11 12 13 14 |
---------------+-------------------------------------------+-----
Fighting       | 4 5 6 7 9 10 11 12 14 | 14.0
Axes           | 3 4 5 6 8 9 12 13 15 16 | 16.4
Armour         | 4 5 6 7 8 10 11 12 | 12.1
Shields        | 4 5 7 8 9 10 11 13 14 | 14.2
Dodging        | 1 2 3 5 |  5.7
Stealth        | 1 2 |  2.0
Throwing       | 1 |  1.5
Evocations     | 1 |  1.4
Invocations    | 1 2 3 |  3.3
Polearms       | 8 9 |  9.4
Unarmed Combat | |  0.1

Action                   |  1- 3 |  4- 6 |  7- 9 | 10-12 | 13-15 || total
-------------------------+-------+-------+-------+-------+-------++-------
Melee: War axe           |    57 |   192 |   254 |   658 |    74 ||  1235
       Headbutt          |     4 |    24 |    45 |   126 |   122 ||   321
       Demon trident     |       |       |       |       |   572 ||   572
       Unarmed           |       |       |       |       |     2 ||     2
Throw: Javelin           |       |       |       |     4 |     2 ||     6
       Throwing net      |       |       |       |       |     1 ||     1
Invok: Heroism           |       |       |     1 |    10 |     9 ||    20
       Finesse           |       |       |       |     2 |     2 ||     4
Evoke: Wand              |       |       |       |    19 |     1 ||    20
       Lightning rod     |       |       |       |       |     2 ||     2
  Use: Scroll            |     3 |     3 |     5 |     7 |     5 ||    23
       Potion            |       |     2 |       |       |       ||     2
  Eat: Chunk             |       |     8 |    10 |    17 |     6 ||    41
       Ration            |       |       |       |     4 |     3 ||     7
Armor: Scale mail        |    33 |    61 |       |       |       ||    94
       Chain mail        |       |     3 |    55 |   139 |    93 ||   290
Dodge: Dodged            |    30 |   102 |   136 |   268 |   144 ||   680
Block: Shield            |    35 |   116 |   139 |   354 |    63 ||   707
       Large shield      |       |       |       |       |   338 ||   338
